 Dungeon Crawl Stone Soup version 0.22.1-1-ga44c0e5 (webtiles) character file.

66 bloo the Conjurer (level 3, -1/19 HPs)
             Began as a Deep Elf Conjurer on Oct 1, 2018.
             Slain by a gnoll
             ... wielding a +0 whip
              (9 damage)
             ... on level 2 of the Dungeon.
             The game lasted 00:15:36 (2355 turns).

bloo the Conjurer (Deep Elf Conjurer)               Turns: 2355, Time: 00:15:37

Health: -1/19      AC:  2    Str:  6    XL:     3   Next: 96%
Magic:  6/9        EV: 12    Int: 19    God:
Gold:   73         SH:  3    Dex: 15    Spells: 5/8 levels left

rFire    . . .     SeeInvis .   e - +0 short sword
rCold    . . .     Gourm    .   i - +0 buckler
rNeg     . . .     Faith    .   a - +0 robe
rPois    .         Spirit   .   (no helmet)
rElec    .         Reflect  .   (no cloak)
rCorr    .         Harm     .   (no gloves)
MR       .....                  (no boots)
Stlth    ++........             (no amulet)
HPRegen  0.06/turn              (no ring)
MPRegen  0.11/turn              (no ring)

@: no status effects
A: no striking features
a: no special abilities


You were on level 2 of the Dungeon.
You were not hungry.

You visited 1 branch of the dungeon, and saw 3 of its levels.

You collected 73 gold pieces.

Inventory:

Hand Weapons
 e - a +0 short sword (weapon)
Armour
 a - a +0 robe (worn)
 i - a +0 buckler (worn)
 m - a +0 robe of cold resistance
Jewellery
 d - an uncursed ring of ice {unknown}
 n - an uncursed ring of protection from magic {unknown}
Wands
 q - a wand of random effects (17)
Scrolls
 b - a scroll of teleportation
 h - a scroll of blinking
 k - 3 scrolls of random uselessness {unknown}
 l - a scroll of identify {unknown}
Potions
 f - a potion of resistance {unknown}
 g - a potion of lignification {unknown}
 j - a potion of haste {unknown}
 p - a potion of curing {unknown}
Comestibles
 c - a ration
 o - a chunk of flesh


   Skills:
 - Level 2.4 Dodging
 - Level 2.4 Stealth
 - Level 0.1 Shields
 - Level 3.0 Spellcasting
 * Level 6.1 Conjurations


You had 5 spell levels left.
You knew the following spells:

 Your Spells              Type           Power        Failure   Level  Hunger
a - Magic Dart            Conj           ####         1%          1    None
b - Searing Ray           Conj           ####..       3%          2    ##.....

Your spell library contained the following spells:

 Spells                   Type           Power        Failure   Level  Hunger
 Iskenderun's Mystic Bla  Conj           ####....     21%         4    ####...
 Dazzling Spray           Conj/Hex       ##....       22%         3    ###....
 Force Lance              Conj/Tloc      ##......     56%         4    ####...
 Fulminant Prism          Conj/Hex       ##........   56%         4    ####...


Dungeon Overview and Level Annotations

Branches:
Dungeon (3/15)

Altars:
Xom


Message History

The gnoll shouts! x3
Casting: Magic Dart (safe; 1% risk of failure)
Confirm with . or Enter, or press ? or * to list all spells.
Aiming: Searing Ray (safe; 3% risk of failure)
Press: ? - help, Shift-Dir - straight line, f - gnoll
Aim: a gnoll, wielding a whip The searing ray hits the gnoll.
The gnoll is heavily wounded. (Press . to maintain the ray.)
The gnoll hits you with a whip!
Ouch! That really hurt!
Unknown command.
Unknown command.
Casting: Searing Ray (safe; 3% risk of failure)
Confirm with . or Enter, or press ? or * to list all spells.
Okay, then.
The searing ray hits the gnoll.
The gnoll is almost dead.
The gnoll hits you with a whip!
You die...

### #.# #.#.#
..# #.# #...#
#.## #.#
###.# ...##
#.# #.#
#.#.## #.#
#.# .....#
#.# #.#
..#..#####.#
#.#
...........#
#.#
#.##.#######
#@# #.##.#
#..gg.g...
#.##.#
#..####...
..##.# #..#
##...########
#.##
............#
#.
.#..#.#(###.#
#.
...##.##.##.#
#.
.#........#.#


You could see 3 gnolls.

Vanquished Creatures
  A gnoll (D:2)
  2 oozes (D:2)
  A worm (D:2)
  A dart slug (D:2)
  A ball python (D:2)
  2 giant cockroaches
  5 goblins
  5 hobgoblins
  6 jackals
  3 kobolds (D:1)
  A quokka (D:2)
  6 bats
  A frilled lizard (D:2)
  4 rats
39 creatures vanquished.

Notes
Turn   | Place    | Note
-------+----------+-------------------------------------------
     0 | D:1      | bloo the Deep Elf Conjurer began the quest for the Orb.
     0 | D:1      | Reached XP level 1. HP: 10/10 MP: 6/6
   188 | D:1      | Reached XP level 2. HP: 15/15 MP: 4/8
   207 | D:1      | Reached skill level 5 in Conjurations
   347 | D:1      | Learned a level 2 spell: Searing Ray
  1468 | D:2      | Reached XP level 3. HP: 11/19 MP: 5/9
  1850 | D:3      | Noticed an ogre
  2105 | D:2      | Reached skill level 6 in Conjurations
  2333 | D:2      | Found a shimmering altar of Xom.
  2355 | D:2      | Slain by a gnoll

Skill      XL: |  1  2  3 |
---------------+----------+-----
Conjurations   | 5 6 |  6.1
Dodging        | |  2.4
Stealth        | |  2.4
Shields        | |  0.1
Spellcasting   | |  3.0

Action                   || total
-------------------------++-------
 Cast: Magic Dart        ||    66
       Searing Ray       ||     7
  Use: Scroll            ||     2
  Eat: Chunk             ||     4
       Ration            ||     1
Armor: Robe              ||     1
Dodge: Dodged            ||    10
Block: Buckler           ||     3
